 Dungeon Crawl Stone Soup version 0.21-a0-582-g1b93aee (webtiles) character file.

32 Gaball the Sneak (level 3, -1/27 HPs)
             Began as a Vampire Assassin on Dec 19, 2017.
             Killed from afar by Robin (12 damage)
             ... with a wand of flame (20)
             ... on level 2 of the Dungeon.
             The game lasted 00:01:56 (967 turns).

Gaball the Sneak (Vampire Assassin)                  Turns: 967, Time: 00:01:57

Health: -1/27      AC:  3    Str: 10    XL:     3   Next: 10%
Magic:  3/3        EV: 12    Int: 13    God:
Gold:   29         SH:  0    Dex: 16    Spells: 2/2 levels left

rFire    . . .     SeeInvis +   m - +1 short sword (speed)
rCold    . . .     Gourm    .   (no shield)
rNeg     + . .     Faith    .   c - +0 robe
rPois    .         Spirit   .   (no helmet)
rElec    .         Reflect  .   d - +0 cloak
rCorr    .         Harm     .   (no gloves)
MR       .....                  (no boots)
Stlth    ++++......             (no amulet)
HPRegen  0.09/turn              (no ring)
MPRegen  0.08/turn              (no ring)

@: lethally poisoned (-1 -> -22)
A: fangs 3, see invisible, unbreathing
a: Bat Form


You were on level 2 of the Dungeon.
You were not thirsty.

You visited 1 branch of the dungeon, and saw 2 of its levels.

You collected 29 gold pieces.

Inventory:

Hand Weapons
 a - a +2 dagger
 b - a +0 blowgun
 m - a +1 short sword of speed (weapon)
Missiles
 e - 8 poisoned needles
 f - 2 curare-tipped needles
Armour
 c - a +0 robe (worn)
 d - a +0 cloak (worn)
Jewellery
 l - an uncursed ring of stealth {unknown}
Scrolls
 i - a scroll of blinking {unknown}
 k - 2 scrolls of teleportation {unknown}
 o - a scroll of enchant armour {unknown}
 p - a scroll of identify {unknown}
Potions
 g - 2 potions of blood
 h - a potion of invisibility {unknown}
 j - a potion of ambrosia {unknown}
 n - a potion of haste {unknown}
 q - a potion of curing {unknown}


   Skills:
 - Level 1.7 Fighting
 + Level 2.9 Short Blades
 - Level 1.5 Throwing
 - Level 1.1 Dodging
 * Level 7.1 Stealth


You had 2 spell levels left.
You didn't know any spells.

Dungeon Overview and Level Annotations

Branches:
Dungeon (2/15)

Altars:
Nemelex Xobeh

Annotations:
D:2 Robin


Innate Abilities, Weirdness & Mutations

You have razor-sharp teeth.
You have supernaturally acute eyesight. (SInv)
You can survive without breathing.


Message History

The goblin closely misses you.
You see here a flail.
You hit the goblin.
You kill the goblin!
You hit Robin.
Robin is lightly wounded.
Robin hits you but does no damage.
You are poisoned.
You hit Robin.
Robin is moderately wounded.
You feel sick.
You hit Robin but do no damage.
Robin is moderately wounded.
Robin zaps a wand.
The puff of flame hits you!
It is a wand of flame (20).
You hit Robin. You bite Robin, but do no damage.
Robin is moderately wounded.
Robin hits you with a whip of venom!
You are lethally poisoned!
You feel sick.
Robin zaps a wand.
The puff of flame hits you!
You die...

########
#..@)g.#
#.#######
#.# #>##
#.# ...8#
#.# ....#
#.#
....8#
#.#
....##
#.# ...8#
#######.#


You could see Robin.

Vanquished Creatures
  2 dart slugs
  A leopard gecko (D:2)
  An orc (D:2)
  A ball python (D:2)
  3 giant cockroaches
  5 goblins
  4 hobgoblins
  A quokka (D:2)
  2 bats (D:2)
  A frilled lizard (D:1)
  A kobold (D:1)
  A rat (D:1)
23 creatures vanquished.

Notes
Turn   | Place    | Note
-------+----------+-------------------------------------------
     0 | D:1      | Gaball the Vampire Assassin began the quest for the Orb.
     0 | D:1      | Reached XP level 1. HP: 16/16 MP: 1/1
    18 | D:1      | Reached skill level 6 in Stealth
    40 | D:1      | Found a sparkling altar of Nemelex Xobeh.
   197 | D:1      | Reached XP level 2. HP: 21/22 MP: 2/2
   872 | D:2      | Reached skill level 7 in Stealth
   872 | D:2      | Reached XP level 3. HP: 27/27 MP: 3/3
   956 | D:2      | Noticed Robin
   967 | D:2      | Killed from afar by Robin

Vault maps used:
D:1:      minmay_arrival_plants_in_alcoves, nemelex_altar_shiori
D:2:      nicolae_overflow_hidden_temple, first_ration, uniq_robin

Skill      XL: |  1  2 |
---------------+-------+-----
Stealth        | 6 7 |  7.1
Fighting       | |  1.7
Short Blades   | |  2.9
Throwing       | |  1.5
Dodging        | |  1.1

Action                   || total
-------------------------++-------
Melee: Dagger            ||    16
       Bite              ||     6
       Short sword       ||    44
 Stab: Sleeping          ||     5
       Distracted        ||     1
Armor: Robe              ||     7
Dodge: Dodged            ||    22

Table legend:
 A = Spawn XP
 B = Non-spawn XP
 C = Spawn XP percentage of total XP
 D = Spawn monster count
 E = Non-spawn monster count
 F = Spawn count percentage of total count
 G = Total turns spent on level
                    A         B        C        D         E        F      G
               +---------+---------+-------+---------+---------+-------+---------
         Total |       0 |      47 |   0.0 |       0 |      23 |   0.0 |   967
               +---------+---------+-------+---------+---------+-------+---------
           D:1 |       0 |      19 |   0.0 |       0 |      10 |   0.0 |   613
           D:2 |       0 |      28 |   0.0 |       0 |      13 |   0.0 |   354
               +---------+---------+-------+---------+---------+-------+---------
